 Dungeon Crawl Stone Soup version 0.30.1-11-g7821555f0a (webtiles) character file.

Game seed: 6814608002887878165

3404 GreatBamboolord the Magician (level 10, 0/72 HPs)
             Began as a Djinni Air Elementalist on Dec 1, 2023.
             Was an Initiate of Ashenzari.
             Slain by a yak (3 damage)
             ... on level 8 of the Dungeon.
             The game lasted 00:14:10 (7187 turns).

GreatBamboolord the Magician (DjAE)                 Turns: 7187, Time: 00:14:10

Health: 0/72       AC:  2    Str: 11    XL:     10   Next: 24%
Gold:   135        EV: 20    Int: 21    God:    Ashenzari [......] SH:  0 Dex: 14

rFire   + + +        y - +3 falchion (drain)
rCold   . . .        (no shield)
rNeg    . . .        t - +0 robe of the Harvest Moon {rElec Str+4 SInv}
rPois   ∞            (no helmet)
rElec   +            h - scarf {rC+ rF+}
rCorr   .            (no gloves)
SInv    +            (boots unavailable)
Will    +....        i - amulet of Apeoromancy {Faith, Fort, Evo} (curse)
Stlth   +++          w - +5 ring of evasion
HPRegen 0.32/turn    z - ring of wizardry
MPRegen 0.00/turn

%: faith, wizardry (x1), infuse magic (-1 HP)
@: flying
A: sickness immunity, fire resistance 2, cold vulnerability 1, float, innate
caster, HP casting, extra vitality 1
a: Renounce Religion, Shatter the Chains


You were on level 8 of the Dungeon.
You worshipped Ashenzari.
Ashenzari was noncommittal.
You visited 2 branches of the dungeon, and saw 9 of its levels.

You collected 365 gold pieces.
You spent 230 gold pieces at shops.

Inventory:

Hand Weapons
 y - a +3 falchion of draining (weapon)
Armour
 a - a +0 robe
 h - a scarf of resistance (worn)
 l - a +0 buckler
 t - the +0 robe of the Harvest Moon (worn) {rElec Str+4 SInv}
   (You found it on level 3 of the Dungeon)

   Str:       It affects your strength (+4).
   rElec:     It insulates you from electricity.
   SInv:      It lets you see invisible.
 A - a +0 cloak
Magical Staves
 o - a staff of earth
 v - a staff of earth
Jewellery
 i - the cursed amulet of Apeoromancy (around neck) {Faith, Fort, Evo}
   (You found it on level 2 of the Dungeon)

   [amulet of faith]

   It allows you to gain divine favour quickly.
   It has a curse which improves the following skills: Fortitude: Armour and
   Shields.
   Evocations: Evocations.
 w - a +5 ring of evasion (left hand)
 z - a ring of wizardry (right hand)
Wands
 x - a wand of polymorph (8)
 L - a wand of charming (8)
Scrolls
 e - a scroll of blinking
 k - a scroll of fear {unknown}
 p - a scroll of noise {unknown}
 q - 4 scrolls of poison
 r - 2 scrolls of vulnerability {unknown}
 s - a scroll of amnesia
 B - a scroll of fog {unknown}
 D - a scroll of brand weapon {unknown}
 E - 3 scrolls of enchant weapon
 G - 2 scrolls of teleportation {unknown}
 I - a scroll of magic mapping
 K - a scroll of enchant armour {unknown}
 M - a scroll of immolation {unknown}
Potions
 b - 3 potions of flight {unknown}
 c - 2 potions of resistance
 d - 5 potions of attraction
 f - 3 potions of berserk rage
 g - 4 potions of brilliance
 j - 3 potions of curing {unknown}
 m - 2 potions of magic {unknown}
 n - a potion of invisibility {unknown}
 u - a potion of might {unknown}
 C - a potion of lignification {unknown}
 F - a potion of degeneration {unknown}
 H - a potion of heal wounds {unknown}


   Skills:
 + Level 6.1 Fighting
 + Level 7.1 Dodging
 + Level 5.8 Stealth
 * Level 7.2 Spellcasting


You knew the following spells:

 Your Spells              Type           Power      Damage    Failure   Level
a - Shock                 Conj/Air       100%       1d9       1%          1
b - Static Discharge      Conj/Air       76%        2-6/arc   1%          2
c - Swiftness             Air            38%        N/A       1%          3
d - Airstrike             Air            19%        2d(3-19)  1%          4
e - Necrotise             Necr           100%       1d9       1%          1
f - Wereblood             Tmut           38%        N/A       1%          2
g - Vampiric Draining     Necr           38%        2d8       1%          3
h - Manifold Assault      Tloc           38%        N/A       1%          4
Your spell library was empty.

Dungeon Overview and Level Annotations

Branches:
Dungeon (8/15)             Temple (1/1) D:4
   Lair: D:8-11

Altars:
Ashenzari
Cheibriados
Dithmenos
Elyvilon
Fedhas
Gozag
Hepliaklqana
Makhleb
Nemelex Xobeh
Okawaru
Ru
Trog
Wu Jian
Yredelemnul
Zin
The Shining One

Shops:
D:4 =   D:6 ?


Innate Abilities, Weirdness & Mutations

You are immune to sickness and miasma.
You are immune to poison.
Your flesh is very heat resistant. (rF++)
You are vulnerable to cold. (rC-)
You float through the air rather than walking.
You learn spells naturally, not from books.
Your magical power is your life essence.
You have superior vitality. (+4 MHP)


Message History

The zap hits the yak.
The yak is lightly wounded.
A jelly comes into view.
The zap hits the yak.
The yak is heavily wounded.
The zap hits the yak.
The yak is heavily wounded.
The zap hits the yak!
The yak is moderately wounded.
The yak gores you!
The zap hits the yak!
The yak is severely wounded.
The zap hits the yak!
The yak is severely wounded.
The zap hits the yak.
The yak is heavily wounded.
The zap hits the jelly.
The jelly is moderately wounded.
The yak gores you!
The zap hits the yak.
The yak is severely wounded.
The yak gores you! x2
* * * LOW HITPOINT WARNING * * *
Unknown command.
Casting: Shock (safe; 1% risk of failure)
Confirm with . or Enter, or press ? or * to list all spells.
The yak is struck by an arc of lightning!
The yak is almost dead.
The yak is struck by an arc of lightning!
The yak is almost dead.
The yak is struck by an arc of lightning.
The yak is heavily wounded.
The yak is struck by an arc of lightning.
The yak is almost dead.
The lightning grounds out.
* * * LOW HITPOINT WARNING * * *
The yak gores you!
* * * LOW HITPOINT WARNING * * *
The yak gores you.
You die...

#.## .... ...###
#....##
#######†.#..
..........###..
...............
.......<.Y######
........@Y.J....
........$Y#.###.
..........# #
###..####.# #..#
.. #..# #.. ..#
... ...


You could see 3 yaks and a jelly.

Vanquished Creatures
  Eustachio (D:4)
  2 yaks (D:8)
  3 humans
  An acid dragon (D:6)
  Menkaure (D:7)
  Duvessa (D:6)
  3 water moccasins
  A black bear (D:6)
  2 orc warriors (D:7)
  2 ogres
  A centaur (D:7)
  A phantom (D:5)
  A kobold brigand (D:7)
  A bullfrog (D:7)
  A scorpion (D:6)
  Dowan (D:6)
  4 wights (D:7)
  A howler monkey (D:8)
  6 hounds
  4 jellies
  An orc priest (D:7)
  3 iguanas
  5 sleepcaps
  4 orc wizards (D:7)
  3 gnolls (D:4)
  12 adders
  A shadow imp (D:7)
  A white imp (D:6)
  An ufetubus (D:7)
  2 worms
  A dart slug (D:1)
  7 orcs
  2 ball pythons (D:2)
  4 endoplasms (D:3)
  3 giant cockroaches (D:1)
  13 hobgoblins
  14 kobolds
  5 quokkas
  2 bats
  2 frilled lizards
  2 goblins
  A jackal skeleton (D:5)
  6 rats
  A spectral hobgoblin (D:4)
134 creatures vanquished.

Notes
Turn   | Place    | Note
-------+----------+-------------------------------------------
     0 | D:1      | GreatBamboolord the Djinni Air Elementalist began the quest
                  | for the Orb.
     0 | D:1      | GreatBamboolord set off with the following spells
                  | memorised: Shock, Static Discharge, Swiftness, Airstrike.
     0 | D:1      | Reached XP level 1. HP: 15/15 MP: 0/0
   251 | D:1      | Reached XP level 2. HP: 20/22 MP: 0/0
   845 | D:2      | Found Vosuikin's Antique Weapon Shop.
   859 | D:2      | Reached skill level 1 in Fighting
   859 | D:2      | Reached XP level 3. HP: 17/27 MP: 0/0
   859 | D:2      | Learned a level 1 spell: Necrotise
  1250 | D:2      | Reached XP level 4. HP: 28/32 MP: 0/0
  1911 | D:3      | Reached XP level 5. HP: 36/37 MP: 0/0
  1911 | D:3      | Learned a level 2 spell: Wereblood
  1985 | D:3      | Found a faded altar of an unknown god.
  2131 | D:3      | Identified the +0 robe of the Harvest Moon {rElec Str+4
                  | SInv}
  2631 | D:4      | Found Fynexor's Jewellery Emporium.
  2637 | D:4      | Reached XP level 6. HP: 32/43 MP: 0/0
  2768 | D:4      | Found a staircase to the Ecumenical Temple.
  2813 | Temple   | Entered the Ecumenical Temple
  2879 | D:4      | Noticed Eustachio
  3054 | D:4      | Killed Eustachio
  3055 | D:4      | Reached XP level 7. HP: 42/49 MP: 0/0
  3055 | D:4      | Learned a level 3 spell: Vampiric Draining
  3337 | D:4      | Found a hazy altar of Hepliaklqana.
  3549 | D:5      | Entered Level 5 of the Dungeon
  3791 | D:5      | Noticed a water moccasin
  3798 | D:5      | Killed a water moccasin
  3799 | D:5      | Reached XP level 8. HP: 41/56 MP: 0/0
  3876 | D:5      | Found a runed translucent door.
  3877 | D:5      | Noticed a human
  3885 | D:5      | Found a basalt altar of Yredelemnul.
  3905 | D:5      | Killed a human
  4066 | D:5      | Reached skill level 5 in Spellcasting
  4208 | D:5      | Reached skill level 5 in Dodging
  4671 | D:6      | Noticed Duvessa
  4671 | D:6      | Noticed Dowan
  4682 | D:6      | Killed Duvessa
  4684 | D:6      | Killed Dowan
  4788 | D:6      | Reached XP level 9. HP: 62/63 MP: 0/0
  4788 | D:6      | Learned a level 4 spell: Manifold Assault
  5209 | D:6      | Found an ornate altar of the Wu Jian Council.
  5450 | D:6      | Found Igasun's Magic Scroll Shop.
  5458 | D:6      | Bought a scroll of enchant weapon for 82 gold pieces
  5458 | D:6      | Bought a scroll of identify for 22 gold pieces
  5458 | D:6      | Bought a scroll of magic mapping for 82 gold pieces
  5458 | D:6      | Bought a scroll of poison for 44 gold pieces
  5750 | D:6      | Found a sacrificial altar of Ru.
  5750 | D:6      | Found a broken altar of Ashenzari.
  5757 | D:6      | Found a glowing silver altar of Zin.
  5759 | D:6      | Found a faded altar of an unknown god.
  5761 | D:6      | Found a white marble altar of Elyvilon.
  5774 | D:6      | Became a worshipper of Ashenzari the Shackled
  6205 | D:7      | Reached skill level 5 in Fighting
  6301 | D:7      | Reached skill level 5 in Stealth
  6305 | D:7      | Found an iron altar of Okawaru.
  6422 | D:7      | Found a burning altar of Makhleb.
  6498 | D:7      | Noticed Menkaure
  6500 | D:7      | Killed Menkaure
  6692 | D:7      | Reached XP level 10. HP: 58/72 MP: 0/0
  7187 | D:8      | HP: 3/72 [yak (16)]
  7187 | D:8      | Slain by a yak

Illustrated notes

Levels and vault maps discovered:
D:1:      lightli_iron_boxes, layout_basic
D:2:      layout_loops_ring, serial_shops, shop, serial_forest,
          infiniplex_forest_lined_2, infiniplex_forest_clump_long,
          infiniplex_forest_diagonal, infiniplex_forest_lined_corner,
          infiniplex_forest_lined_room_3, infiniplex_forest_lined_corner,
          infiniplex_forest_clump_long
D:3:      layout_rooms, hellmonk_ecumenical_altar_prayer_group,
          patterned_corridor
D:4:      layout_rooms, nicolae_hepliaklqana_monster_ancestors,
          minmay_temple_entry_hall, kennysheep_windowed_goal, uniq_eustachio
D:5:      layout_loops_ring, dk_yredelemnul_ordeal
D:6:      layout_basic, mainiacjoe_overflow_surrounded_room,
          nzn_wu_jian_contemplation, chequers_temple_overflow_minitemple,
          serial_shops, shop, uniq_duvessa
D:7:      layout_loops_ring, okawaru_humans, kennysheep_orc_sif_temple,
          makhleb_heckhound_becter, uniq_menkaure
D:8:      layout_rooms
Temple:   hellmonk_temple_micro_hex

Skill      XL: |  1  2  3  4  5  6  7  8  9 10 |
---------------+-------------------------------+-----
Fighting       | 1 2 3 4 5 6 |  6.1
Stealth        | 2 3 4 5 |  5.8
Spellcasting   | 3 4 5 6 7 |  7.2
Dodging        | 3 4 5 6 7 |  7.1

Action                     |  1- 3 |  4- 6 |  7- 9 | 10-12 || total
---------------------------+-------+-------+-------+-------++-------
  Melee: Unarmed           |       |     1 |       |       ||     1
         Falchion          |       |       |    22 |     7 ||    29
         Punch             |       |       |     1 |       ||     1
   Cast: Shock             |    70 |   116 |    98 |    27 ||   311
         Static Discharge  |       |     9 |    28 |     2 ||    39
         Wereblood         |       |     1 |       |       ||     1
         Vampiric Draining |       |       |    66 |     4 ||    70
         Airstrike         |       |       |     2 |       ||     2
         Manifold Assault  |       |       |     1 |       ||     1
 Invoke: Curse Item        |       |       |       |     1 ||     1
    Use: Scroll            |     1 |     2 |     3 |     1 ||     7
   Stab: Sleeping          |       |       |     3 |       ||     3
 Armour: Robe              |     3 |     7 |     4 |     3 ||    17
  Dodge: Dodged            |     4 |    27 |    92 |    34 ||   157
